[Event "Late-Titled-Tuesday-Blitz-May-28-2024"]
[Site "Chess.com"]
[Date "2024.05.28"]
[Round "5"]
[White "Iball95"]
[Black "RobertJFischer71"]
[Result "1-0"]
[WhiteElo "2851"]
[BlackElo "2660"]
[TimeControl "180+1"]
[EndTime "14:54:34 PDT"]
[Termination "Iball95 won by resignation"]

1. e4 e5 2. Nf3 Nc6 3. Nc3 Nf6 4. Bb5 Nd4 5. Bc4 Nxf3+ 6. gxf3 Bc5 7. Rg1 Rg8 8. d3 d6 9. Na4 Bb6 10. Nxb6 axb6 11.
f4 Be6 12. fxe5 dxe5 13. Bxe6 fxe6 14. Qf3 Qd6 15. Qxf6 gxf6 16. Rxg8+ Kf7 17. Rxa8 Qb4+ 18. Ke2 f5 19. f3 f4 20. c3 Qe7 21. Bd2 Qh4 22.
Be1 Qxh2+ 23. Bf2 Ke7 24. Rg1 Qh6 25. Rag8 Kd7 26. R1g7+ Kc6 27. Re7 Qh1 28. Rg1 Qh6 29. Rgg7 Qh1 30. Rxc7+ Kb5 31. Rxb7 Qb1 32. Rxb6+ 1-0

[Event "Late-Titled-Tuesday-Blitz-May-28-2024"]
[Site "Chess.com"]
[Date "2024.05.28"]
[Round "5"]
[White "NovakRatko"]
[Black "maurovargas01"]
[Result "1-0"]
[WhiteElo "2362"]
[BlackElo "1917"]
[TimeControl "180+1"]
[EndTime "14:54:35 PDT"]
[Termination "NovakRatko won by checkmate"]

1. d4 d5 2. c4 e6 3. cxd5 exd5 4.
Nc3 c6 5. f3 Nf6 6. e4 dxe4 7.
fxe4 Bb4 8. Qd3 Qe7 9. e5 O-O 10.
Bg5 h6 11. Bh4 g5 12. Bg3 Bg4 13. Be2 Bxe2 14. Nxe2 Nd5 15. O-O Nd7 16. Ne4 Ba5 17. Kh1 Bb6 18. Nd6 Rab8 19. a3 c5 20.
Nf5 Qe6 21. Rae1 cxd4 22. Nexd4 Qg6 23. e6 N7f6 24. Bc7 Rbc8 25. exf7+ Kxf7 26. Nd6+ Kg7 27. Qxg6+ Kxg6 28. Nxc8 Rxc8 29. Bxb6 Nxb6 30. Re6 Nd5 31. h3 Rc7 32. Nb5 Rc2 33. Nc3 Rxb2 34. Nxd5 Kf7 35. Rfxf6+ Kg7 36. Re7+ Kg8 37. Rd6 Rb1+ 38. Kh2 Rf1 39.
Nf6+ Kf8 40. Rxb7 Rxf6 41. Rxf6+ Ke8 42. Rxh6 Kf8 43. Rh8# 1-0

[Event "Late-Titled-Tuesday-Blitz-May-28-2024"]
[Site "Chess.com"]
[Date "2024.05.28"]
[Round "5"]
[White "Rud_Makarian"]
[Black "DeTimmerman"]
[Result "1-0"]
[WhiteElo "2955"]
[BlackElo "2746"]
[TimeControl "180+1"]
[EndTime "14:54:37 PDT"]
[Termination "Rud_Makarian won by resignation"]

1. d4 Nf6 2. c4 e6 3. Nf3 d5 4.
Nc3 dxc4 5. e4 b5 6. e5 Nd5 7. Nxb5 Nb6 8. Be2 Nc6 9. Be3 Be7 10. Nc3 O-O 11. a3 Ba6 12. Qc2 Rb8 13. h4 f5 14. exf6 gxf6 15. Rd1 Nd5 16. Bd2 Kh8 17. Kf1 Rg8 18. Ne4 Nb6 19. Bc3 Nd5 20.
Nc5 Bxc5 21. dxc5 Qf8 22. Ng5 Qe7 23. Rxd5 e5 24. Ne4 Nd4 25. Rxd4 Bb7 1-0

[Event "Late-Titled-Tuesday-Blitz-May-28-2024"]
[Site "Chess.com"]
[Date "2024.05.28"]
[Round "5"]
[White "TheoSlade"]
[Black "NikaVolkov"]
[Result "0-1"]
[WhiteElo "2469"]
[BlackElo "2763"]
[TimeControl "180+1"]
[EndTime "14:54:40 PDT"]
[Termination "NikaVolkov won by resignation"]

1. d4 d5 2. c4 e6 3. Nf3 Nf6 4. g3 Be7 5. Bg2 O-O 6. O-O dxc4 7. Qc2 a6 8. a4 Nbd7 9. Nbd2 c5 10. Nxc4 cxd4 11. Nxd4 Nb6 12. Nxb6 Qxb6 13. Rd1 Bc5 14. a5 Qa7 15. e3 Bd7 16. b3 Rac8 17. Qe2 e5 18.
Nf3 Bb5 19. Qb2 Rfd8 20. Bd2 e4 21. Ng5 Bd3 22. Bc3 Be7 23. Bf1 Qc5 24. Bd4 Qxg5 25. Bxd3 exd3 26. Rxd3 h6 27. Rc1 Qxa5 28. Rdc3 Rxc3 29.
Bxc3 Qb5 30. Be5 a5 31. Qa2 Qxe5 0-1

[Event "Late-Titled-Tuesday-Blitz-May-28-2024"]
[Site "Chess.com"]
[Date "2024.05.28"]
[Round "5"]
[White "YellowJacek"]
[Black "Slovineanu"]
[Result "0-1"]
[WhiteElo "2369"]
[BlackElo "2543"]
[TimeControl "180+1"]
[EndTime "14:54:40 PDT"]
[Termination "Slovineanu won by resignation"]

1. e4 c6 2. d4 d5 3. Nc3 dxe4 4. Nxe4 Nf6 5. Nxf6+ exf6 6. c3 Bd6 7. Bd3 Na6 8.
Ne2 Nc7 9. Bf4 O-O 10. O-O Bg4 11. Bxd6 Qxd6 12. Qc2 g6 13. Ng3 Be6 14. Ne4 Qd8 15.
Nc5 b6 16. Nxe6 Nxe6 17. Bc4 Re8 18. Bxe6 Rxe6 19. Rfe1 Qe7 20. Rxe6 Qxe6 21. Qd2 Re8 22. g3 a5 23. b3 h5 24. c4 h4 25. d5 cxd5 26. cxd5 Qe4 27. d6 h3 28. f4 Rd8 29.
Re1 Rxd6 30. Rxe4 Rxd2 31. Re8+ Kg7 32. Rb8 Rg2+ 33. Kf1 Rxh2 34. Rxb6 Rxa2 35. Kg1 Rg2+ 36. Kh1 Rxg3 37. Kh2 Rf3 38. Rb5 Rxf4 39. Rxa5 Rf3 40.
Rb5 g5 41. Rb8 g4 42. b4 f5 43. b5 f4 44. b6 Rf2+ 45. Kg1 Rb2 46. b7 g3 47. Kf1 h2 0-1

[Event "Late-Titled-Tuesday-Blitz-May-28-2024"]
[Site "Chess.com"]
[Date "2024.05.28"]
[Round "5"]
[White "ChadBiryani"]
[Black "ZachHKL"]
[Result "1-0"]
[WhiteElo "2546"]
[BlackElo "2377"]
[TimeControl "180+1"]
[EndTime "14:54:41 PDT"]
[Termination "ChadBiryani won by checkmate"]

1. c4 Nf6 2. g3 e6 3. Bg2 d5 4. Nf3 Be7 5. O-O O-O 6. b3 c6 7. Bb2 b6 8. d3 Bb7 9. Nbd2 Nbd7 10. Qc2 Rc8 11. Rad1 c5 12. cxd5 Nxd5 13. Nc4 N7f6 14.
Qb1 a6 15. Nce5 Qc7 16. a3 Rfd8 17. e4 Bd6 18. exd5 Nxd5 19. Nc4 Be7 20. Rfe1 b5 21.
Ne3 Nf6 22. Qa1 h6 23. Ne5 Bxg2 24. Kxg2 Bd6 25. Nf3 Qb7 26. Bxf6 gxf6 27. Qxf6 Bf8 28. Ng4 Bg7 29. Nxh6+ Kf8 30. Qf4 Rd5 31. Ng4 Rf5 32. Qe3 Qd5 33. Qe4 Qxb3 34. Ne3 Rh5 35. g4 Rh8 36. Ng5 Qb2 37. Qb7 Rxh2+ 38. Kxh2 Qxf2+ 39. Ng2 Be5+ 40. Rxe5 Rc7 41. Qxc7 Kg7 42. Qxf7+ Qxf7 43. Nxf7 Kxf7 44. Rde1 Kf6 45. Rxe6+ Kg5 46. Kg3 c4 47. R1e5# 1-0

[Event "Late-Titled-Tuesday-Blitz-May-28-2024"]
[Site "Chess.com"]
[Date "2024.05.28"]
[Round "5"]
[White "baki83"]
[Black "FairChess_on_YouTube"]
[Result "0-1"]
[WhiteElo "2930"]
[BlackElo "3090"]
[TimeControl "180+1"]
[EndTime "14:54:43 PDT"]
[Termination "FairChess_on_YouTube won on time"]

1. e4 c5 2. Nf3 Nc6 3. Bb5 Nf6 4. d3 Qa5+ 5. Nc3 Nd4 6. Bc4 b5 7. Bb3 Nxb3 8. cxb3 b4 9. Ne2 d5 10. e5 Ng8 11. O-O Bg4 12. Ng3 e6 13. h3 Bxf3 14. Qxf3 Ne7 15. Bd2 Qb5 16. Rfe1 Nc6 17. Rac1 Nd4 18.
Qe3 Be7 19. Nh5 Nf5 20. Qf3 O-O 21. Rcd1 Qa6 22. Ra1 Kh8 23. Red1 Nd4 24. Qg4 Rg8 25. Be3 Nc2 26. Rac1 Nxe3 27. fxe3 Qxa2 28. Rf1 Raf8 29.
Rf2 Qxb3 30. Nf4 a5 31. Rcf1 a4 32. Qh5 a3 33. bxa3 bxa3 34. Rf3 a2 35. Rg3 Qb1 36. Rg5 Qxf1+ 37. Kh2 Bxg5 38. Qxf7 Bxf4+ 39. exf4 a1=Q 40. f5 Qa2 41. f6 gxf6 0-1

[Event "Late-Titled-Tuesday-Blitz-May-28-2024"]
[Site "Chess.com"]
[Date "2024.05.28"]
[Round "5"]
[White "NikitaShnadrygin"]
[Black "SaiHanThiha"]
[Result "1-0"]
[WhiteElo "2733"]
[BlackElo "2511"]
[TimeControl "180+1"]
[EndTime "14:54:44 PDT"]
[Termination "NikitaShnadrygin won by resignation"]

1. e4 c6 2. d4 d5 3. f3 dxe4 4.
fxe4 e5 5. Nf3 Bg4 6. Bc4 Nd7 7. O-O Ngf6 8. c3 b5 9. Bb3 Bd6 10. Bg5 O-O 11. Nbd2 Qb6 12. Kh1 Rae8 13. h3 Bh5 14. Qe1 Bg6 15. Qh4 exd4 16. Rae1 dxc3 17. bxc3 c5 18. Bxf6 gxf6 19. Bd5 Kg7 20. Qf2 Qa5 21. Nb1 Ne5 22. Rd1 Nxf3 23. Qxf3 Be5 24. Rf2 Qa3 25.
Nxa3 1-0

[Event "Late-Titled-Tuesday-Blitz-May-28-2024"]
[Site "Chess.com"]
[Date "2024.05.28"]
[Round "5"]
[White "RAU4ever"]
[Black "Squirlolz"]
[Result "1-0"]
[WhiteElo "2367"]
[BlackElo "2521"]
[TimeControl "180+1"]
[EndTime "14:54:44 PDT"]
[Termination "RAU4ever won by checkmate"]

1. e4 e5 2. Nf3 Nc6 3. Bc4 g6 4. d4 exd4 5. Nxd4 Bg7 6. Be3 Nge7 7. Nc3 O-O 8. Qd2 a6 9. h4 b5 10.
Bb3 Nxd4 11. Bxd4 Nc6 12. Bxg7 Kxg7 13. h5 Qe7 14. O-O-O Na5 15. hxg6 Nxb3+ 16. axb3 fxg6 17. Nd5 Qf7 18. Rh3 h5 19. Qd4+ Kg8 20. g4 d6 21.
Rg1 c6 22. gxh5 Bxh3 23. Rxg6+ Qxg6 24. Ne7+ Kf7 25. Nxg6 Rfd8 26. h6 Kxg6 27. Qg7+ Kh5 28. h7 Rh8 29. f4 Bg4 30. Qg5# 1-0

[Event "Late-Titled-Tuesday-Blitz-May-28-2024"]
[Site "Chess.com"]
[Date "2024.05.28"]
[Round "5"]
[White "Bykov_Egor"]
[Black "rhwr"]
[Result "1-0"]
[WhiteElo "2634"]
[BlackElo "2334"]
[TimeControl "180+1"]
[EndTime "14:54:46 PDT"]
[Termination "Bykov_Egor won by resignation"]

1. e4 d5 2. exd5 Qxd5 3. Nc3 Qd8 4. d4 Nf6 5. Nf3 Bg4 6. Bc4 e6 7. h3 Bxf3 8. Qxf3 c6 9. Be3 Be7 10. O-O-O Nbd7 11. Bd3 Qa5 12. Kb1 Rc8 13. g4 b5 14.
g5 Nd5 15. Nxd5 cxd5 16. Qe2 a6 17. f4 Nb6 18. f5 Nc4 19. Bc1 Qb6 20. Rhe1 Kd7 21.
fxe6+ fxe6 22. Bf5 Rc6 23. Bg4 Re8 24. Qf3 Rf8 25.
Qxd5+ Rd6 26. Bxe6+ Kc7 27. Qe4 Bd8 28. Bxc4 bxc4 29.
Bf4 Rxf4 30. Qxf4 c3 31. b3 Qb4 32. Re6 Qa3 33. Qxd6+ Qxd6 34. Rxd6 Kxd6 35. Rd3 Ba5 36. a3 Kd5 37. b4 Bd8 38. Rxc3 Be7 39. h4 1-0

[Event "Late-Titled-Tuesday-Blitz-May-28-2024"]
[Site "Chess.com"]
[Date "2024.05.28"]
[Round "5"]
[White "Aygehovit1992"]
[Black "ozates"]
[Result "1-0"]
[WhiteElo "2822"]
[BlackElo "2625"]
[TimeControl "180+1"]
[EndTime "14:54:49 PDT"]
[Termination "Aygehovit1992 won by resignation"]

1. e4 c5 2. Nc3 Nc6 3. Bb5 Nd4 4. Bc4 a6 5. a4 e6 6. Nge2 Nf6 7. O-O d5 8. exd5 exd5 9. Ba2 Bd6 10. d3 h6 11.
Nxd4 cxd4 12. Re1+ Be6 13. Ne2 O-O 14. Nxd4 Ng4 15. Nf3 d4 16. Rxe6 fxe6 17. Bxe6+ Kh8 18. Bxg4 Qf6 19. Bd2 Rae8 20. Qf1 g6 21. Re1 h5 22. Rxe8 Rxe8 23. Bd7 Re7 24. Bg5 Bxh2+ 25. Kh1 1-0

[Event "Late-Titled-Tuesday-Blitz-May-28-2024"]
[Site "Chess.com"]
[Date "2024.05.28"]
[Round "5"]
[White "KingCyber19"]
[Black "DanylaBagrov"]
[Result "1-0"]
[WhiteElo "2617"]
[BlackElo "2480"]
[TimeControl "180+1"]
[EndTime "14:54:49 PDT"]
[Termination "KingCyber19 won by checkmate"]

1. d4 d6 2. g3 Nf6 3. Bg2 Nbd7 4. Nf3 e5 5. O-O Be7 6. b3 O-O 7. Bb2 e4 8. Nfd2 d5 9. c4 c6 10. Nc3 e3 11. fxe3 Ng4 12. Rf3 Ndf6 13. h3 Nh6 14.
Nf1 Bb4 15. Qd3 Re8 16. g4 Ne4 17. Ng3 f5 18. Nxf5 Nxf5 19. gxf5 Qg5 20. Raf1 Bxc3 21.
Bxc3 Bd7 22. Be1 Rf8 23. cxd5 cxd5 24. Kh1 Bxf5 25. Qb5 Be6 26. Rxf8+ Rxf8 27. Rxf8+ Kxf8 28. Bxe4 Qxe3 29. Bb4+ Kf7 30. Qxb7+ Kf6 31. Qe7# 1-0

[Event "Late-Titled-Tuesday-Blitz-May-28-2024"]
[Site "Chess.com"]
[Date "2024.05.28"]
[Round "5"]
[White "artin10862"]
[Black "IMRosen"]
[Result "1-0"]
[WhiteElo "3019"]
[BlackElo "2721"]
[TimeControl "180+1"]
[EndTime "14:54:52 PDT"]
[Termination "artin10862 won on time"]

1. a4 e5 2. a5 d5 3. e3 Bd6 4. d4 e4 5. c4 c6 6. Nc3 Nf6 7.
Qb3 O-O 8. Bd2 Bc7 9. cxd5 Bxa5 10. Nxe4 Bxd2+ 11. Nxd2 Nxd5 12. Ngf3 Re8 13. Bc4 Nb6 14. Bxf7+ Kh8 15. Bxe8 Qxe8 16. O-O Be6 17. Qc2 N8d7 18.
e4 Bg4 19. h3 Bh5 20. Rfe1 Nf6 21. Ne5 Rd8 22. Rxa7 Rxd4 23. Rxb7 Qxe5 24. Rxb6 h6 25. Qc3 c5 26. Nb3 Nxe4 27. Nxd4 cxd4 28. Qc8+ Kh7 29.
Qc2 Bg6 30. Rxg6 d3 31. Qxd3 Nxf2 32. Rxg7+ Kxg7 33. Qd7+ Kg6 34. Rxe5 Nxh3+ 35. gxh3 Kf6 36. Qf5+ 1-0

[Event "Late-Titled-Tuesday-Blitz-May-28-2024"]
[Site "Chess.com"]
[Date "2024.05.28"]
[Round "5"]
[White "WoodlandMagic"]
[Black "sofaceindisguise"]
[Result "0-1"]
[WhiteElo "2828"]
[BlackElo "2648"]
[TimeControl "180+1"]
[EndTime "14:54:54 PDT"]
[Termination "sofaceindisguise won by checkmate"]

1. Nc3 d5 2. g3 Nf6 3. Bg2 e6 4. Nf3 Be7 5. O-O O-O 6. d3 c5 7.
e4 Nc6 8. a4 b6 9. Bf4 Bb7 10.
h4 h6 11. exd5 Nxd5 12. Nxd5 exd5 13. Re1 Bf6 14. c3 Re8 15. Qd2 Qd7 16. Kh2 Na5 17. Qc2 d4 18. cxd4 Bxd4 19. Rad1 Bc6 20. b3 Bd5 21. Nxd4 Bxg2 22. Kxg2 Qxd4 23. Kg1 Qd5 24. Rxe8+ Rxe8 25. Rb1 Nc6 26. Qc4 Qf3 27. Qb5 Re2 28. Rf1 Nd4 29. Qd7 Qxd3 30. Qxa7 Qxb3 31. a5 bxa5 32.
Qxc5 Qb4 33. Qd5 a4 34. Bd6 Qd2 35. Qa8+ Kh7 36. Qxa4 Nf3+ 37. Kg2 Ne1+ 38. Rxe1 Rxf2+ 39. Kh3 Rh2+ 40. Kg4 Qxe1 41. Bf4 Qe6+ 42. Kf3 Qe2# 0-1

[Event "Late-Titled-Tuesday-Blitz-May-28-2024"]
[Site "Chess.com"]
[Date "2024.05.28"]
[Round "5"]
[White "Kostukov_Alex"]
[Black "Slovak_fighter2000"]
[Result "0-1"]
[WhiteElo "2379"]
[BlackElo "2551"]
[TimeControl "180+1"]
[EndTime "14:54:56 PDT"]
[Termination "Slovak_fighter2000 won by checkmate"]

1. g3 e5 2. Bg2 Nf6 3. c4 c6 4.
a3 d5 5. cxd5 cxd5 6. d4 e4 7. Bg5 Be7 8. Nc3 Nc6 9. Nh3 O-O 10.
Nf4 Be6 11. e3 Na5 12. O-O Rc8 13. Bxf6 Bxf6 14. f3 Nc4 15. Qe2 exf3 16. Bxf3 Re8 17. Rad1 Nxa3 18. Ncxd5 Nc4 19. Nxf6+ Qxf6 20. Bxb7 Rb8 21.
Bc6 Rxb2 22. Qf3 Qh6 23. Nxe6 Qxh2# 0-1

[Event "Late-Titled-Tuesday-Blitz-May-28-2024"]
[Site "Chess.com"]
[Date "2024.05.28"]
[Round "5"]
[White "dolynachess"]
[Black "MyDream003"]
[Result "0-1"]
[WhiteElo "2518"]
[BlackElo "2809"]
[TimeControl "180+1"]
[EndTime "14:54:57 PDT"]
[Termination "MyDream003 won by resignation"]

1. d4 Nf6 2. c4 g6 3. Nc3 Bg7 4. e4 d6 5. Nf3 O-O 6. Be2 e5 7. d5 a5 8. Be3 Na6 9. Nd2 Nc5 10.
a3 a4 11. Bxc5 dxc5 12. Nxa4 b6 13. b4 Bd7 14. Nc3 Qe7 15. b5 Ne8 16. a4 Nd6 17. O-O f5 18. Bd3 Bh6 19. Nb3 Nb7 20. Qe2 Kg7 21.
Ra2 Bg5 22. Rfa1 Na5 23. Nxa5 bxa5 24. Rb1 Rab8 25. Rab2 Rb6 26. Re1 f4 27. f3 Bh4 28.
Reb1 g5 29. h3 Bg3 30. Qd1 h5 31. Kf1 g4 32. hxg4 hxg4 33. Ke2 Rh8 34. Qg1 Rh2 35. Kd1 Rbh6 36. Kc2 gxf3 37. Kb3 f2 38. Rxf2 Rh1 39. Qxh1 Rxh1 40. Rxh1 Bxf2 41. Be2 Bd4 42. Nd1 Qg5 43. Bf3 Bg4 44. Kc2 Bxf3 0-1

[Event "Late-Titled-Tuesday-Blitz-May-28-2024"]
[Site "Chess.com"]
[Date "2024.05.28"]
[Round "5"]
[White "Lavandum24"]
[Black "Tol_Tol"]
[Result "0-1"]
[WhiteElo "1770"]
[BlackElo "2357"]
[TimeControl "180+1"]
[EndTime "14:54:57 PDT"]
[Termination "Tol_Tol won by resignation"]

1. d4 Nf6 2. c4 g6 3. Nc3 Bg7 4. e4 O-O 5. Be3 d6 6. Be2 Na6 7. Nf3 Bg4 8. O-O c6 9. h3 Bxf3 10.
Bxf3 e5 11. d5 cxd5 12. Nxd5 Nxd5 13. Qxd5 Qc7 14. Rfd1 Rfd8 15. a3 Nc5 16. b4 Nb3 17. Rab1 Nd4 18. Bxd4 exd4 19. e5 dxe5 20. Qxb7 Qxc4 21.
Rbc1 Qe6 22. Qc7 Rdc8 23. Qa5 e4 24. Rxc8+ Rxc8 25. Rf1 exf3 26. Qxa7 fxg2 27. Kxg2 Qe4+ 28. Kh2 Be5+ 29. Kg1 Qf4 30. Re1 Qh2+ 31. Kf1 d3 32.
Qb7 Qxh3+ 33. Kg1 d2 34. Rd1 Rc1 35. Qa8+ Kg7 36. Qa4 Qg4+ 37. Kf1 Rxd1+ 0-1

[Event "Late-Titled-Tuesday-Blitz-May-28-2024"]
[Site "Chess.com"]
[Date "2024.05.28"]
[Round "5"]
[White "ritanovikova"]
[Black "N_I_Chess"]
[Result "0-1"]
[WhiteElo "2158"]
[BlackElo "2261"]
[TimeControl "180+1"]
[EndTime "14:54:59 PDT"]
[Termination "N_I_Chess won by checkmate"]

1. e4 Nf6 2. e5 Nd5 3. Bc4 Nb6 4.
Bb3 d5 5. exd6 cxd6 6. d4 d5 7. Nf3 Nc6 8. h3 Bf5 9. c3 e6 10. O-O h6 11. a4 a5 12. Bf4 Bd6 13. Ne5 Nxe5 14. dxe5 Bc5 15. Qe2 O-O 16. Nd2 Qe7 17.
Nf3 Rfc8 18. Be3 Bxe3 19. Qxe3 Nc4 20. Bxc4 Rxc4 21. Nd4 Bh7 22. b3 Rc5 23. f4 Be4 24. c4 Rac8 25. cxd5 exd5 26. Rac1 Rxc1 27. Rxc1 Rxc1+ 28. Qxc1 Qb4 29. Qe3 Qa3 30. Kh2 Qb2 31. f5 Qxg2# 0-1

[Event "Late-Titled-Tuesday-Blitz-May-28-2024"]
[Site "Chess.com"]
[Date "2024.05.28"]
[Round "5"]
[White "momotaro77"]
[Black "giovannibrandao7"]
[Result "0-1"]
[WhiteElo "2516"]
[BlackElo "2294"]
[TimeControl "180+1"]
[EndTime "14:55:00 PDT"]
[Termination "giovannibrandao7 won by resignation"]

1. e4 c5 2. Nc3 Nc6 3. Bb5 g6 4. Bxc6 dxc6 5. d3 Bg7 6. f4 Nf6 7. Nf3 O-O 8. O-O Nd7 9. Qe1 h6 10. e5 Kh7 11. Ne4 f5 12. Neg5+ hxg5 13. Nxg5+ Kg8 14. Qh4 Nf6 15. exf6 Rxf6 16. Qh7+ Kf8 17. Be3 Qd5 18. Rae1 b6 19. Bd2 Be6 20. Bc3 Bg8 21. Qh4 c4 22. Bxf6 exf6 23. dxc4 Qd4+ 24. Kh1 fxg5 25.
Qxg5 Qf6 26. Qg3 Bxc4 27. Rf3 Bd5 28. Rfe3 Be4 29. c3 Rd8 30. R3e2 Bh6 31. Qf2 Qd6 32. h3 Qxf4 33. Qxf4 Bxf4 34. Rf1 g5 35. Rxe4 fxe4 36.
g3 e3 37. gxf4 e2 38. Re1 Rd1 0-1

[Event "Late-Titled-Tuesday-Blitz-May-28-2024"]
[Site "Chess.com"]
[Date "2024.05.28"]
[Round "5"]
[White "Pig-filth"]
[Black "katharinareinecke"]
[Result "1-0"]
[WhiteElo "2364"]
[BlackElo "1948"]
[TimeControl "180+1"]
[EndTime "14:55:00 PDT"]
[Termination "Pig-filth won by resignation"]

1. d4 d5 2. Bg5 h6 3. Bh4 c6 4. e3 Nf6 5. Nf3 e6 6. Bd3 Be7 7. O-O O-O 8. c4 dxc4 9. Bxc4 b5 10.
Bd3 a6 11. Ne5 Nd5 12. Bxe7 Qxe7 13. Nc3 Bb7 14. Rc1 Nd7 15. Nxd5 cxd5 16. Rc7 Bc8 17. Bb1 Qd6 18. Rc6 Qb8 19. Qc2 f5 20. Rxe6 Nxe5 21.
Rxe5 Bb7 22. Rxf5 Rc8 23. Qd3 Qd6 24. Rf3 Rc3 25. bxc3 1-0

[Event "Late-Titled-Tuesday-Blitz-May-28-2024"]
[Site "Chess.com"]
[Date "2024.05.28"]
[Round "5"]
[White "crazycheesecake"]
[Black "yujiarun18"]
[Result "1-0"]
[WhiteElo "2149"]
[BlackElo "2239"]
[TimeControl "180+1"]
[EndTime "14:55:03 PDT"]
[Termination "crazycheesecake won by checkmate"]

1. Nf3 d5 2. c4 e6 3. g3 Nf6 4. Bg2 c6 5. b3 Be7 6. O-O O-O 7. Bb2 dxc4 8. bxc4 c5 9. Nc3 Bd7 10. Ne5 Nc6 11. Nxd7 Qxd7 12. Rb1 Rfd8 13. d3 Rac8 14. Ne4 Nxe4 15. Bxe4 Nd4 16. Bxd4 Qxd4 17. Rxb7 Bf6 18. Qa4 Ra8 19. Rfb1 a5 20. R7b5 Be7 21.
Bxa8 h6 22. Be4 g6 23. Rb8 Kg7 24. Rxd8 Bxd8 25. Qe8 h5 26. Rb8 Qa1+ 27. Kg2 Qd4 28. Rxd8 Qe5 29. Qh8# 1-0

[Event "Late-Titled-Tuesday-Blitz-May-28-2024"]
[Site "Chess.com"]
[Date "2024.05.28"]
[Round "5"]
[White "Byniolus"]
[Black "LiemLe"]
[Result "0-1"]
[WhiteElo "2731"]
[BlackElo "3031"]
[TimeControl "180+1"]
[EndTime "14:55:04 PDT"]
[Termination "LiemLe won by resignation"]

1. d4 Nf6 2. Nf3 g6 3. Bf4 Bg7 4. e3 O-O 5. Be2 d6 6. h3 b6 7. O-O Bb7 8. a4 a6 9. c3 c5 10.
Nbd2 Nbd7 11. Bh2 Bc6 12. Bd3 b5 13. e4 Qb6 14. e5 dxe5 15. dxe5 Nd5 16. axb5 axb5 17.
Rxa8 Bxa8 18. Qe2 c4 19. Bc2 Nc5 20. Nd4 Rd8 21. Ne4 Bh6 22. Ra1 Nf4 23. Bxf4 Bxf4 24. Nxc5 Qxc5 25. e6 f5 26. Ra5 Bc6 27. g3 Bc7 28.
Nxc6 Qxc6 29. Ra1 Rd6 30. Re1 Qc5 31. Qe3 Qxe3 32. Rxe3 Rd2 0-1

[Event "Late-Titled-Tuesday-Blitz-May-28-2024"]
[Site "Chess.com"]
[Date "2024.05.28"]
[Round "5"]
[White "SharathRk6"]
[Black "GP9isback23"]
[Result "0-1"]
[WhiteElo "2532"]
[BlackElo "2681"]
[TimeControl "180+1"]
[EndTime "14:55:04 PDT"]
[Termination "GP9isback23 won by resignation"]

1. e4 c5 2. Nf3 e6 3. d4 cxd4 4.
Nxd4 Nf6 5. Nc3 Nc6 6. Nxc6 bxc6 7. e5 Nd5 8. Ne4 Qc7 9. f4 Qb6 10. Bd3 Ba6 11. Bxa6 Qxa6 12. Qe2 Qxe2+ 13. Kxe2 f5 14. exf6 Nxf6 15. Nxf6+ gxf6 16. b3 d5 17. Bb2 Kf7 18.
Kf3 Bd6 19. Rhe1 Rhe8 20. Rad1 e5 21. fxe5 fxe5 22. c4 Ke6 23. g4 Rf8+ 24. Kg2 Rf4 25.
h3 Raf8 26. Re2 e4 27. cxd5+ cxd5 28. Bc1 Rf3 29. Red2 Rg3+ 30. Kh2 Rd3+ 31. Kg2 Rxd2+ 32. Bxd2 d4 33. Bc1 Kd5 34. Bb2 Be5 35. Rf1 Rc8 36.
Rc1 Rxc1 37. Bxc1 d3 38. Kf2 Bd4+ 39. Ke1 e3 40. Bd2 exd2+ 41. Kxd2 Ke4 42. a4 Be3+ 43. Kd1 a5 44. b4 axb4 45. a5 b3 46. a6 b2 0-1

[Event "Late-Titled-Tuesday-Blitz-May-28-2024"]
[Site "Chess.com"]
[Date "2024.05.28"]
[Round "5"]
[White "mindprogress732"]
[Black "Arteler"]
[Result "1-0"]
[WhiteElo "2157"]
[BlackElo "2234"]
[TimeControl "180+1"]
[EndTime "14:55:04 PDT"]
[Termination "mindprogress732 won on time"]

1. Nf3 Nf6 2. b3 g6 3. Bb2 Bg7 4. c4 O-O 5. g3 b6 6. Bg2 Bb7 7.
O-O c5 8. d4 cxd4 9. Nxd4 Bxg2 10. Kxg2 Nc6 11. Nc3 Nxd4 12. Qxd4 e6 13. Rad1 d5 14.
cxd5 Nxd5 15. Qd2 Nxc3 16. Bxc3 Qxd2 17. Bxd2 Rad8 18. Bb4 Rfe8 19. Kf3 Bf6 20. h4 h5 21. Ke4 Rd5 22. Rxd5 exd5+ 23. Kf3 Rc8 24. Rd1 d4 25. Rd2 a5 26. Ba3 b5 27. Bb2 b4 28. Ke4 Re8+ 29.
Kd5 Rd8+ 30. Kc5 Rc8+ 31. Kb5 Bd8 32. Bxd4 Rb8+ 33. Ka6 Ra8+ 34. Kb7 Ra7+ 35. Kxa7 1-0

[Event "Late-Titled-Tuesday-Blitz-May-28-2024"]
[Site "Chess.com"]
[Date "2024.05.28"]
[Round "5"]
[White "Supelyel"]
[Black "BabageldiAnnaberdiyev"]
[Result "0-1"]
[WhiteElo "2467"]
[BlackElo "2599"]
[TimeControl "180+1"]
[EndTime "14:55:06 PDT"]
[Termination "BabageldiAnnaberdiyev won by resignation"]

1. c4 e6 2. Nc3 d5 3. cxd5 exd5 4. d4 f5 5. Bf4 Nf6 6. e3 Bd6 7. Nf3 O-O 8. Bd3 c6 9. O-O Ne4 10. Qb3 Kh8 11. Rac1 Qe7 12. Rfe1 Nd7 13. a3 a5 14. Qc2 h6 15. Na4 g5 16. Bxd6 Qxd6 17. Nc5 g4 18. Nxd7 Bxd7 19. Ne5 Be8 20. Bxe4 fxe4 21. Nxg4 Rg8 22.
Ne5 Qe6 23. Kh1 Bh5 24. Rg1 Raf8 25. Rcf1 Rf5 26. Qc3 Be2 27. f4 exf3 28. Rxf3 Bxf3 29. gxf3 Rxg1+ 30. Kxg1 Qg8+ 31. Kf2 Rg5 32. Ke2 Rg1 33. Qc2 Rg2+ 0-1

[Event "Late-Titled-Tuesday-Blitz-May-28-2024"]
[Site "Chess.com"]
[Date "2024.05.28"]
[Round "5"]
[White "NMChessToImpress"]
[Black "Denmark2015"]
[Result "1-0"]
[WhiteElo "2326"]
[BlackElo "2563"]
[TimeControl "180+1"]
[EndTime "14:55:08 PDT"]
[Termination "NMChessToImpress won by checkmate"]

1. e4 e6 2. d4 d5 3. e5 c5 4.
c3 Nc6 5. Nf3 Nge7 6. Na3 Bd7 7.
Bd3 cxd4 8. cxd4 Nf5 9. Nc2 Be7 10. O-O Qb6 11. Be3 O-O 12. a3 a5 13. Rb1 a4 14. g4 Nh6 15. h3 Na5 16. Nb4 Kh8 17. Bc2 Bb5 18. Bxa4 Bxf1 19. Kxf1 Ng8 20. Bc2 Nc4 21.
Qd3 g6 22. Bg5 Qd8 23. h4 f6 24. h5 Qe8 25. Kg2 fxg5 26. Rh1 Nxb2 27. hxg6 Nh6 28.
g7+ Kg8 29. Qxh7+ Kf7 30. g8=Q# 1-0

[Event "Late-Titled-Tuesday-Blitz-May-28-2024"]
[Site "Chess.com"]
[Date "2024.05.28"]
[Round "5"]
[White "sammartin99"]
[Black "robertoalejandro10"]
[Result "1-0"]
[WhiteElo "2311"]
[BlackElo "2484"]
[TimeControl "180+1"]
[EndTime "14:55:09 PDT"]
[Termination "sammartin99 won on time"]

1. d4 Nf6 2. c4 d6 3. Nf3 c5 4. d5 g6 5. Nc3 Bg7 6. h3 O-O 7. e4 Na6 8. Bd3 Nc7 9. O-O a6 10. a4 Rb8 11. Bf4 Re8 12. e5 Nh5 13.
Bh2 Bh8 14. g4 Ng7 15. Qc2 Bd7 16. e6 fxe6 17. Bxg6 h6 18. Bh7+ Kf8 19. Qg6 exd5 20. Qxh6 Be6 21. Ng5 Qd7 22. Bg6 Bg8 23. Qxh8 e5 24.
Nh7+ 1-0

[Event "Late-Titled-Tuesday-Blitz-May-28-2024"]
[Site "Chess.com"]
[Date "2024.05.28"]
[Round "5"]
[White "Dacean99"]
[Black "Rodalquilar"]
[Result "0-1"]
[WhiteElo "2594"]
[BlackElo "2811"]
[TimeControl "180+1"]
[EndTime "14:55:10 PDT"]
[Termination "Rodalquilar won by resignation"]

1. e4 d5 2. exd5 Qxd5 3. Nf3 Bg4 4. Be2 Nc6 5. O-O O-O-O 6. h3 Bh5 7. d4 Bxf3 8. Bxf3 Qxd4 9. Nd2 Ne5 10. Qe2 Nf6 11.
Bxb7+ Kxb7 12. Qb5+ Ka8 13. Nb3 Qd5 14. Qa6 Qc4 15.
Qa5 Rd5 16. Qe1 e6 17. Be3 Bb4 18. c3 Bd6 19. Bd4 c5 20. Be3 Rd8 21. Na5 Qb5 22. b4 cxb4 23. Nb3 Nd3 24. Qe2 bxc3 25. Nd4 Qc4 26. Rfd1 Nb2 27. Qf3 Nxd1 28. Rxd1 Bc5 29. Kh2 c2 30. Nxc2 Qxc2 31. Rd2 Qe4 32. Rxd5 Rxd5 33.
Qe2 Bxe3 34. fxe3 Qe5+ 35. Kg1 Qc3 36. Kh2 Ne4 37. Qa6 Qc7+ 38. g3 Rd2+ 39. Kh1 Qc1+ 0-1